 Dungeon Crawl Stone Soup version 0.23.2-1-ga50397a6bc (console) character file.

Game seed: 3071746587886417759

82 Dragon00 the Chopper (level 4, 0/40 HPs)
             Began as a Minotaur Berserker on May 18, 2019.
             Was a Believer of Trog.
             Slain by Crazy Yiuf
             ... wielding a +4 quarterstaff of chaos
              (12 damage)
             ... on level 2 of the Dungeon.
             The game lasted 00:08:55 (1663 turns).

Dragon00 the Chopper (Minotaur Berserker)           Turns: 1663, Time: 00:08:56

Health: 0/40       AC:  7    Str: 21    XL:     4   Next: 21%
Magic:  3/3        EV: 11    Int:  4    God:    Trog [**....]
Gold:   71         SH:  0    Dex: 11    Spells: 3/3 levels left

rFire    . . .     SeeInvis .   a - +0 hand axe
rCold    . . .     Gourm    .   (no shield)
rNeg     . . .     Faith    .   o - +0 scale mail
rPois    .         Spirit   .   (helmet restricted)
rElec    .         Reflect  .   (no cloak)
rCorr    .         Harm     .   i - +0 pair of gloves
MR       ++...                  (no boots)
Stlth    ..........             (no amulet)
HPRegen  1.13/turn              (no ring)
MPRegen  0.08/turn              (no ring)

@: very slightly contaminated, regenerating, lightly drained, invisible
A: retaliatory headbutt, horns 2
a: Berserk, Trog's Hand, Renounce Religion


You were on level 2 of the Dungeon.
You worshipped Trog.
Trog was pleased with you.
You were hungry.

You visited 1 branch of the dungeon, and saw 2 of its levels.

You collected 71 gold pieces.

Inventory:

Hand Weapons
 a - a +0 hand axe (weapon)
Missiles
 d - 21 stones
 l - 5 tomahawks (quivered)
Armour
 b - a +0 animal skin
 i - a +0 pair of gloves (worn)
 o - a +0 scale mail (worn)
Scrolls
 h - a scroll of magic mapping
Potions
 g - 2 potions of mutation {unknown}
 j - 2 potions of curing
 k - a potion of haste {unknown}
 m - a potion of degeneration {unknown}
Comestibles
 c - a ration
 f - a chunk of flesh


   Skills:
 + Level 4.3(4.0) Fighting
 * Level 4.6(4.3) Axes
 + Level 3.3(3.0) Armour
 + Level 3.0(2.8) Dodging


You had 3 spell levels left.
You didn't know any spells.
Your spell library was empty.

Dungeon Overview and Level Annotations

Branches:
Dungeon (2/15)

Altars:
Sif Muna

Annotations:
D:2 Crazy Yiuf


Innate Abilities, Weirdness & Mutations

You reflexively headbutt those who attack you in melee.
You have a pair of horns on your head.


Message History

Your skin crawls.
You feel resistant to hostile enchantments.
You are feeling hungry.
Crazy Yiuf misses you.
It was a potion of curing.
You feel better.
Your scale mail prevents you from hitting Crazy Yiuf.
Crazy Yiuf is moderately wounded.
Crazy Yiuf hits you but does no damage.
You fade into invisibility!
You are very lightly contaminated with residual magic.
You hit Crazy Yiuf. Your headbutt misses Crazy Yiuf.
Crazy Yiuf is heavily wounded.
Crazy Yiuf hits you with a +4 quarterstaff of chaos!
* * * LOW HITPOINT WARNING * * *
Crazy Yiuf freezes you.
* * * LOW HITPOINT WARNING * * *
You hit Crazy Yiuf but do no damage. Your headbutt misses Crazy Yiuf.
Crazy Yiuf is heavily wounded.
Crazy Yiuf hits you with a +4 quarterstaff of chaos!
You die...

........# ........#
.#......# ##......#
##.[....# ##......#
##......# ##......#
##......#
#####.####♣♣♣♣♣
#####.##...)♣)♣♣♣ ###
............)♣))♣#)))#
#####.......♣♣♣♣@g)).#
...##.#....♣♣ ♣♣#)))#
........##♣♣ ###
##.####.# .......÷#
#######.# # #.# # #.#
# ###


You could see Crazy Yiuf.

Vanquished Creatures
  4 adders (D:2)
  3 dart slugs
  A leopard gecko (D:1)
  A ball python (D:1)
  A giant cockroach (D:1)
  A goblin (D:2)
  9 hobgoblins
  A quokka (D:2)
  7 bats
  3 frilled lizards
  4 kobolds
  4 rats
39 creatures vanquished.

Vanquished Creatures (others)
  10 toadstools (D:2)
10 creatures vanquished.

Grand Total: 49 creatures vanquished

Notes
Turn   | Place    | Note
-------+----------+-------------------------------------------
     0 | D:1      | Dragon00 the Minotaur Berserker began the quest for the
                  | Orb.
     0 | D:1      | Reached XP level 1. HP: 19/19 MP: 0/0
   118 | D:1      | Reached XP level 2. HP: 27/27 MP: 1/1
   746 | D:1      | Reached XP level 3. HP: 30/33 MP: 2/2
   994 | D:2      | Found a deep blue altar of Sif Muna.
  1112 | D:2      | Reached ** piety under Trog
  1344 | D:2      | Reached XP level 4. HP: 31/40 MP: 3/3
  1650 | D:2      | Found a runed translucent door.
  1651 | D:2      | Noticed Crazy Yiuf
  1663 | D:2      | Slain by Crazy Yiuf

Skill      XL: |  1  2  3 |
---------------+----------+-----
Fighting       | 4 |  4.3
Axes           | 4 |  4.6
Armour         | 3 |  3.3
Dodging        | 3 |  3.0

Action                   |  1- 3 |  4- 6 || total
-------------------------+-------+-------++-------
Melee: Hand axe          |    62 |    16 ||    78
       Headbutt          |     9 |     2 ||    11
Throw: Stone             |    49 |       ||    49
       Tomahawk          |    16 |     2 ||    18
Invok: Trog's Hand       |       |     1 ||     1
  Use: Scroll            |     2 |     2 ||     4
       Potion            |       |     1 ||     1
  Eat: Chunk             |     1 |     1 ||     2
Armor: Ring mail         |    25 |     1 ||    26
       Scale mail        |       |     4 ||     4
Dodge: Dodged            |    37 |    12 ||    49
